Map: Acid Plant LE

Players

Lambo - Winner!

  • Race: Zerg Zerg
  • League: Master
  • Spawn Location: 5:00

soO

  • Race: Zerg Zerg
  • League: Master
  • Spawn Location: 11:00

Event: HomeStory Cup XVII

VOD

Have the link to the VOD?

Description

Time

  • Played on: July 1, 2018, 3:18 p.m.
  • Length: 12:05

All games in this series

Show
View Real Time Build Order
Export as new Build Order

Lambo Zerg - Winner!

Build Orders: Hatch First, Lurkers 

Get SALT Encoding   

  12  0:01  Drone  
  13  0:12  Overlord  
  13  0:16  Drone  
  14  0:31  Drone x2  
  14  0:35  Drone  
  17  0:50  Hatchery  
  17  0:55  Drone  
  17  0:58  Drone  
  17  1:03  Extractor  
  17  1:12  Spawning Pool  
  17  1:16  Drone  
  17  1:19  Drone  
  18  1:27  Drone  
  19  1:38  Drone  
  20  1:50  Overlord  
  20  1:59  Queen  
  22  2:03  Metabolic Boost, Queen  
  22  2:05  Drone  
  22  2:06  Drone  
  26  2:12  Drone  
  26  2:14  Drone  
  28  2:21  Drone  
  29  2:24  Drone  
  30  2:37  Hatchery, Drone  
  29  2:38  Drone  
  31  2:48  Drone  
  31  2:50  Overlord  
  32  2:55  Zergling x2  
  33  3:01  Baneling Nest, Zergling x2  
  33  3:05  Zergling x2  
  34  3:10  Zergling x10  
  39  3:14  Drone  
  39  3:15  Overlord  
  39  3:18  Drone  
  41  3:21  Queen  
  41  3:24  Drone  
  45  3:34  Zergling x2  
  45  3:35  Zergling x2  
  45  3:38  Drone  
  45  3:39  Drone x2  
  45  3:41  Drone x2  
  51  3:44  Drone  
  51  3:48  Drone  
  51  3:49  Drone  
  51  3:53  Drone x2  
  55  3:56  Drone  
  55  4:00  Extractor, Drone  
  54  4:06  Zergling x4  
  54  4:07  Baneling x2  
  52  4:12  Zergling x2  
  52  4:15  Baneling x2  
  52  4:18  Drone x3  
  52  4:20  Extractor  
  52  4:21  Drone x3  
  56  4:33  Drone  
  56  4:37  Drone x2  
  56  4:40  Drone x2  
  56  4:42  Lair  
  56  4:44  Drone x2  
  56  4:45  Overlord, Drone, Evolution Chamber  
  57  4:47  Roach Warren  
  57  4:49  Zergling x2  
  57  4:52  Drone  
  57  4:53  Overlord x2  
  57  5:02  Queen x2  
  57  5:07  Zergling x8  
  65  5:12  Zergling x2  
  65  5:13  Zergling x2  
  66  5:23  Drone x8  
  66  5:28  Drone x2  
  74  5:30  Baneling, Drone  
  74  5:31  Baneling, Drone  
  74  5:32  Drone  
  74  5:34  Overlord  
  76  5:38  Drone  
  75  5:45  Drone x3  
  77  5:50  Extractor, Queen  
  77  5:51  Extractor  
  77  5:55  Roach x3  
  81  5:58  Roach x2  
  84  6:04  Drone  
  84  6:05  Drone x2  
  84  6:06  Zerg Missile Weapons Level 1  
  84  6:08  Extractor  
  84  6:09  Drone x3  
  84  6:11  Glial Reconstitution  
  89  6:16  Overlord  
  88  6:25  Overlord  
  86  6:30  Overlord  
  86  6:32  Hatchery  
  85  6:33  Overlord  
  85  6:35  Roach x6  
  97  6:40  Evolution Chamber  
  97  6:41  Overseer  
  97  6:42  Overseer  
  97  6:43  Pneumatized Carapace  
  97  6:44  Overlord  
  98  6:49  Roach x2  
  98  6:54  Roach x3  
  108  6:56  Roach  
  108  6:57  Roach x3  
  108  6:58  Ravager x3  
  108  7:00  Overlord, Ravager  
  118  7:04  Roach  
  118  7:05  Roach  
  118  7:08  Roach x2  
  126  7:10  Unknown  
  126  7:11  Zerg Ground Armor Level 1  
  126  7:13  Roach x2  
  126  7:15  Overlord  
  130  7:19  Roach x2  
  134  7:26  Roach x2  
  138  7:30  Overlord x2  
  138  7:36  Overlord  
  138  7:38  Ravager x2  
  138  7:39  Roach x3  
  146  7:44  Overlord  
  146  7:48  Roach x3  
  146  7:50  Roach x4  
  160  7:56  Roach x4  
  168  8:00  Roach x2  
  168  8:05  Roach x3  
  178  8:15  Roach x3  
  178  8:17  Overlord  
  184  8:21  Overlord  
  184  8:23  Overlord x2  
  184  8:27  Hydralisk Den  
  184  8:28  Overlord  
  184  8:33  Overlord  
  177  8:41  Roach x9  
  177  8:44  Roach x2  
  179  8:50  Roach x2  
  171  8:55  Roach x4  
  171  8:56  Roach  
  171  9:00  Roach x2  
  171  9:02  Roach x2  
  156  9:05  Roach  
  156  9:09  Roach x3  
  156  9:11  Roach  
  156  9:16  Roach  
  158  9:21  Roach x3  
  156  9:24  Lurker Den  
  156  9:29  Roach x2  
  146  9:39  Hatchery  
  146  9:40  Ravager x3  
  146  9:41  Roach x4  
  154  9:47  Roach x2  
  154  9:48  Roach  
  135  9:53  Roach x3  
  135  9:55  Roach x2  
  135  9:59  Roach x2  
  126  10:02  Roach  
  126  10:05  Roach  
  114  10:09  Roach  
  114  10:13  Roach  
  107  10:18  Roach x2  
  108  10:23  Hydralisk x2  
  108  10:26  Hydralisk  
  114  10:30  Hydralisk  
  116  10:35  Hydralisk x2  
  116  10:39  Hydralisk  
  124  10:51  Roach, Lurker x2  
  124  10:52  Roach x3  
  124  10:53  Lurker  
  133  10:58  Lurker  
  133  10:59  Ravager  
  133  11:00  Ravager  
  136  11:04  Roach x2  
  136  11:05  Roach  
  136  11:07  Roach  
  136  11:10  Roach  
  146  11:13  Roach  
  146  11:17  Roach x2  
  152  11:24  Roach x3  
  158  11:29  Roach x2  
  158  11:38  Roach x3  
  152  11:42  Roach  
Show
View Real Time Build Order
Export as new Build Order

soO Zerg 

Build Orders: 3 Hatch before Pool, Zergling Baneling 

Get SALT Encoding   

  12  0:00  Drone  
  13  0:12  Overlord  
  13  0:17  Drone  
  14  0:30  Drone x2  
  14  0:34  Drone  
  17  0:50  Hatchery  
  17  0:54  Drone  
  17  0:57  Drone  
  18  1:14  Drone  
  19  1:24  Hatchery  
  18  1:29  Extractor  
  17  1:33  Spawning Pool  
  17  1:37  Drone  
  17  1:41  Drone  
  17  1:44  Drone  
  19  1:49  Drone  
  20  2:01  Drone  
  21  2:02  Drone  
  22  2:12  Drone  
  22  2:14  Drone  
  24  2:20  Queen x2  
  28  2:26  Overlord  
  28  2:30  Metabolic Boost  
  28  2:38  Drone x2  
  28  2:39  Drone  
  28  2:41  Drone  
  32  2:50  Baneling Nest  
  31  2:52  Queen  
  31  2:55  Drone  
  34  3:00  Drone  
  34  3:01  Zergling x4  
  37  3:06  Overlord  
  37  3:10  Drone  
  37  3:12  Drone  
  39  3:14  Drone  
  39  3:17  Zergling x2  
  39  3:18  Drone  
  42  3:26  Overlord  
  42  3:32  Zergling x8  
  42  3:33  Baneling x4  
  46  3:35  Zergling x2  
  46  3:44  Zergling x4  
  46  3:47  Drone x4  
  49  3:52  Queen  
  49  4:05  Drone x4  
  49  4:09  Zergling x4  
  54  4:10  Drone  
  54  4:11  Baneling x2, Drone  
  54  4:16  Drone  
  57  4:21  Evolution Chamber  
  57  4:22  Zergling x2, Roach Warren  
  57  4:23  Zergling x2  
  57  4:24  Extractor  
  57  4:25  Extractor  
  53  4:34  Zergling x2  
  53  4:35  Zergling x2  
  53  4:42  Zergling x4  
  53  4:43  Drone x4  
  57  4:46  Lair  
  57  4:50  Baneling x2  
  57  4:54  Overlord  
  57  4:57  Overlord  
  57  4:59  Overlord  
  56  5:16  Drone x4  
  56  5:18  Zerg Missile Weapons Level 1, Drone x4  
  62  5:22  Drone x3  
  62  5:23  Drone x3  
  67  5:29  Roach x3  
  67  5:30  Roach x2  
  67  5:31  Baneling x2  
  76  5:46  Drone x2  
  76  5:47  Roach  
  76  5:48  Roach  
  76  5:49  Overlord  
  82  5:50  Extractor  
  82  5:51  Overlord, Extractor, Glial Reconstitution  
  82  5:53  Roach  
  80  6:00  Drone x2  
  80  6:03  Overlord  
  80  6:04  Overlord  
  81  6:05  Overlord  
  81  6:09  Hatchery  
  80  6:12  Drone x3  
  80  6:16  Roach x3  
  89  6:20  Roach x2  
  92  6:26  Overseer, Roach x3  
  92  6:27  Roach  
  92  6:28  Roach  
  102  6:35  Roach x2  
  102  6:37  Roach x2  
  102  6:38  Roach  
  112  6:42  Roach x2  
  112  6:43  Overlord  
  112  6:44  Overseer  
  112  6:46  Overlord  
  116  6:50  Overlord  
  116  6:53  Roach x2  
  120  6:57  Overlord  
  120  7:02  Overlord  
  120  7:05  Roach x3  
  120  7:07  Roach x3  
  132  7:11  Roach x2  
  132  7:14  Roach x2  
  140  7:18  Zerg Missile Weapons Level 2  
  140  7:28  Drone  
  140  7:29  Drone x2  
  143  7:32  Roach  
  143  7:33  Roach x5  
  155  7:38  Ravager x2  
  155  7:40  Overlord x3  
  159  7:44  Roach x2  
  159  7:51  Ravager x2  
  163  7:55  Extractor  
  163  7:56  Roach x2  
  166  7:59  Drone  
  166  8:00  Drone  
  166  8:02  Roach x5  
  178  8:08  Roach x3  
  184  8:21  Overlord  
  184  8:23  Ravager x3  
  184  8:24  Overlord  
  187  8:34  Overlord  
  169  8:44  Roach x6  
  169  8:45  Roach x3  
  169  8:47  Roach  
  169  8:48  Roach  
  168  8:49  Roach x2  
  168  8:50  Roach x3  
  168  8:52  Roach x2  
  168  8:54  Roach  
  168  8:55  Roach x2  
  166  8:56  Roach  
  166  8:58  Roach  
  166  9:00  Roach  
  166  9:01  Roach  
  160  9:04  Roach x2  
  160  9:06  Roach  
  160  9:09  Roach  
  157  9:14  Roach x2  
  157  9:15  Roach  
  157  9:16  Roach  
  144  9:25  Roach x5  
  144  9:30  Roach x3  
  155  9:36  Ravager  
  155  9:37  Roach  
  158  9:39  Roach  
  158  9:43  Roach x2  
  162  9:45  Roach  
  162  9:49  Roach  
  162  9:52  Roach  
  136  9:56  Roach  
  136  9:57  Roach  
  136  9:59  Roach  
  120  10:01  Roach  
  120  10:06  Roach  
  108  10:07  Roach  
  108  10:11  Roach  
  108  10:14  Roach  
  94  10:15  Roach  
  94  10:17  Roach  
  93  10:21  Roach  
  93  10:22  Roach  
  93  10:25  Roach  
  95  10:32  Ravager x3  
  95  10:35  Roach x3  
  104  10:38  Roach  
  108  10:43  Roach x2  
  108  10:48  Roach x2  
  114  10:55  Roach  
  114  10:56  Roach x2  
  120  11:03  Drone x4  
  124  11:04  Drone  
  124  11:09  Roach x2  
  129  11:15  Overseer  
  129  11:17  Roach x2  
  131  11:29  Roach  
  131  11:30  Roach x4  
  137  11:33  Overseer  
  137  11:35  Roach  
  137  11:38  Roach  
  137  11:39  Roach  
  129  11:45  Roach x2  
Tags
 
Add a new tag
Caveats
  • Supply blocks, unpowered buildings, or Contaminate may cause inaccurate times.
  • Supply counts are checked every 10 seconds.